 Dungeon Crawl Stone Soup version 0.20.0-10-g0535bb4 (webtiles) character file.

5533 MTVSty1e the Cleaver (level 10, -18/213 HPs)
             Began as a Minotaur Fighter on June 3, 2017.
             Demolished by an orc knight
             ... wielding a +0 glaive
              (21 damage)
             ... in a bailey.
             The game lasted 00:11:14 (6074 turns).

MTVSty1e the Cleaver (Minotaur Fighter)             Turns: 6074, Time: 00:11:15

Health: -18/213    AC: 25    Str: 30 (31) XL:     10   Next: 43%
Magic:  9/9        EV:  2    Int:  4 (5)  God:
Gold:   424        SH: 10    Dex:  9 (12) Spells: 9/9 levels left

rFire    . . .     SeeInvis .   a - +0 war axe
rCold    + . .     Gourm    +   c - +0 shield
rNeg     + + +     Faith    .   (armour currently unavailable)
rPois    +         Spirit   .   (helmet currently unavailable)
rElec    .         Reflect  .   (cloak currently unavailable)
rCorr    .         Harm     .   (gloves currently unavailable)
MR       .....     NoTele   +   (boots currently unavailable)
Stlth    ..........             t - amulet of the gourmand
Regen    0.5/turn               r - +4 ring of dexterity
MPRegen  0.2/turn               D - ring of protection from cold

@: berserking (expiring), tree-form, hasted, very quick
A: (retaliatory headbutt), clumsy 1, strong 1
a: no special abilities


You were in a bailey.
You were full.
You were a tree.
You visited 2 branches of the dungeon, and saw 9 of its levels.
You also visited: Bailey.

You collected 424 gold pieces.

Inventory:

Hand Weapons
 a - a +0 war axe (weapon)
 I - a +3 hand axe
 M - a +0 war axe
 N - a +0 halberd
Armour
 c - a +0 shield (worn)
 e - a +0 plate armour (melded)
 m - a +0 pair of gloves (melded)
Jewellery
 r - a +4 ring of dexterity (left branch)
 t - an amulet of the gourmand (around neck)
 D - a ring of protection from cold (right branch)
Wands
 B - a wand of flame (32/48)
 C - a wand of lightning (0/15)
 E - a wand of flame (15/48)
 K - a wand of iceblast (0/15)
Scrolls
 d - a scroll of amnesia
 k - 2 scrolls of remove curse
 l - 4 scrolls of identify
 o - a scroll of enchant weapon {unknown}
 u - 3 scrolls of teleportation
 w - a scroll of random uselessness {unknown}
 y - 2 scrolls of magic mapping {unknown}
 A - 2 scrolls of recharging {unknown}
 G - 2 scrolls of enchant armour {unknown}
 J - a scroll of fog {unknown}
Potions
 g - a potion of invisibility
 i - 7 potions of curing
 p - 5 potions of heal wounds
 q - a potion of degeneration
 s - a potion of mutation
 F - a potion of haste
 L - a potion of experience {unknown}
Comestibles
 b - 2 royal jellies
 f - 7 bread rations
 h - 5 chunks of flesh
 j - 4 meat rations


   Skills:
 + Level 11.1 Fighting
 * Level 14.7 Axes
 - Level 3.6 Armour
 - Level 3.6 Shields


You had 9 spell levels left.
You didn't know any spells.

Dungeon Overview and Level Annotations

Branches:
Dungeon (8/15)             Temple (1/1) D:4
   Lair: D:8-11

Altars:
Ashenzari
Cheibriados
Dithmenos
Elyvilon
Fedhas
Gozag
Hepliaklqana
Kikubaaqudgha
Makhleb
Nemelex Xobeh
Okawaru
Qazlal
Ru
Sif Muna
Trog
Uskayaw
Vehumet
Xom
Yredelemnul
Zin
The Shining One


Innate Abilities, Weirdness & Mutations

((You reflexively headbutt those who attack you in melee.))
((You have a pair of horns on your head.))
((You are partially covered in large bone plates. (SH +4)))
You are clumsy. (Dex -2)
Your muscles are strong. (Str +2)


Message History

You feel yourself moving faster!
You feel mighty! You block the orc knight's attack. x2
The orc knight hits you but does no damage.
You cannot move.
You are too berserk!
You cannot move.
You cannot move.
You are too berserk!
You feel a strong urge to attack something.
The orc knight hits you from afar with a halberd.
* * * LOW HITPOINT WARNING * * *
You block the orc knight's attack.
The orc knight hits you from afar with a glaive!
* * * LOW HITPOINT WARNING * * *
You feel your anger subside.
The orc knight hits you but does no damage.
The orc knight hits you from afar with a halberd!!
* * * LOW HITPOINT WARNING * * *
The orc knight hits you from afar with a glaive!!
You die...

#.......#
#.......#
#..[..).#
#..)))..#
#.......#
#.......#
#.......#
##.....##
###♣###
#...#


#ooo# #)o)# #.))# ###)### ##.....## #.......# #.......# You could see 4 orc
knights.

Vanquished Creatures
  A two-headed ogre (D:8)
  The ghost of grindst0ne the Covert, a novice OpAs of Cheibriados (D:8)
  An orc knight (Bailey)
  Pikel (D:7)
  Joseph (D:7)
  The ghost of bli the Ogre Mage, an amateur OgWz of Qazlal (D:4)
  Prince Ribbit (D:7)
  A hippogriff (D:7)
  6 orc warriors (Bailey)
  An ice beast (D:5)
  A slave (D:7)
  An ogre (D:7)
  3 phantoms
  4 centaurs
  2 big kobolds (D:6)
  3 wights (D:7)
  4 howler monkeys
  3 crimson imps
  3 hounds
  A quasit (D:8)
  2 jellies
  A bullfrog skeleton (D:7)
  2 orc wizards
  2 iguanas
  5 worker ants
  A hound zombie (D:5)
  A worker ant zombie (D:8)
  3 gnolls (D:5)
  A howler monkey skeleton (D:8)
  9 adders
  An ooze (D:1)
  2 worms (D:3)
  3 dart slugs
  5 leopard geckos
  37 orcs
  8 bats
  6 giant cockroaches
  5 goblins
  5 hobgoblins
  5 jackals
  12 kobolds
  A quokka (D:3)
  2 ball pythons
  5 frilled lizards
  A leopard gecko skeleton (D:4)
  2 quokka skeletons
  2 rats
169 creatures vanquished.

Vanquished Creatures (others)
  A black bear (D:8)
  A bullfrog (D:8)
  A quasit (D:8)
  A quokka zombie (D:7)
4 creatures vanquished.

Grand Total: 173 creatures vanquished

Notes
Turn   | Place    | Note
-------+----------+-------------------------------------------
     0 | D:1      | MTVSty1e the Minotaur Fighter began the quest for the Orb.
     0 | D:1      | Reached XP level 1. HP: 19/19 MP: 0/0
   186 | D:1      | Reached skill level 3 in Axes
   186 | D:1      | Reached XP level 2. HP: 23/27 MP: 1/1
   366 | D:1      | Reached XP level 3. HP: 26/33 MP: 2/2
   422 | D:1      | Reached skill level 4 in Axes
  1087 | D:2      | Reached XP level 4. HP: 41/41 MP: 3/3
  1146 | D:2      | Found a faded altar of an unknown god.
  1799 | D:4      | Reached skill level 5 in Axes
  1821 | D:4      | Reached skill level 5 in Fighting
  1838 | D:4      | Noticed a phantom
  1855 | D:4      | Reached XP level 5. HP: 36/48 MP: 4/4
  1888 | D:4      | Killed a phantom
  1888 | D:4      | Reached skill level 6 in Axes
  2049 | D:4      | Noticed bli's ghost (amateur OgWz)
  2077 | D:4      | Gained mutation: Your muscles are strong. (Str +2) [potion of mutation]
  2077 | D:4      | Gained mutation: You are clumsy. (Dex -2) [potion of mutation]
  2077 | D:4      | Gained mutation: You are partially covered in large bone plates. (SH +4) [potion of mutation]
  2084 | D:4      | Killed bli's ghost
  2084 | D:4      | Reached skill level 7 in Axes
  2084 | D:4      | Reached XP level 6. HP: 6/57 MP: 5/5
  2377 | D:4      | Found a staircase to the Ecumenical Temple.
  2512 | Temple   | Entered the Ecumenical Temple
  2635 | D:5      | Entered Level 5 of the Dungeon
  2665 | D:5      | Noticed an ice beast
  2667 | D:5      | Reached XP level 7. HP: 64/64 MP: 6/6
  2678 | D:5      | Reached skill level 8 in Axes
  3369 | D:6      | Reached skill level 9 in Axes
  3460 | D:6      | Reached XP level 8. HP: 72/73 MP: 7/7
  3791 | D:7      | Reached skill level 10 in Axes
  4202 | D:7      | Noticed Joseph
  4211 | D:7      | Killed Joseph
  4211 | D:7      | Reached skill level 11 in Axes
  4491 | D:7      | Noticed Pikel
  4493 | D:7      | Noticed Prince Ribbit
  4499 | D:7      | Killed Pikel
  4499 | D:7      | Reached XP level 9. HP: 78/83 MP: 8/8
  4514 | D:7      | Killed Prince Ribbit
  4514 | D:7      | Reached skill level 12 in Axes
  4854 | D:8      | Noticed a two-headed ogre
  4861 | D:8      | Killed a two-headed ogre
  4861 | D:8      | Reached skill level 10 in Fighting
  4861 | D:8      | Reached skill level 13 in Axes
  4939 | D:8      | Noticed grindst0ne's ghost (novice OpAs)
  4957 | D:8      | Killed grindst0ne's ghost
  4957 | D:8      | Reached XP level 10. HP: 37/94 MP: 9/9
  5143 | D:8      | Reached skill level 14 in Axes
  5343 | D:8      | Found a flagged portal.
  5415 | Bailey   | Entered a bailey
  5631 | Bailey   | HP: 4/94 [cloud of flame (7)]
  5990 | Bailey   | Noticed an orc knight
  6000 | Bailey   | Killed an orc knight
  6029 | Bailey   | Noticed an orc knight
  6029 | Bailey   | Noticed an orc knight
  6037 | Bailey   | Noticed an orc knight
  6041 | Bailey   | Noticed an orc knight
  6073 | Bailey   | HP: 3/213 [orc knight/halberd (20)]
  6074 | Bailey   | Demolished by an orc knight

Skill      XL: |  1  2  3  4  5  6  7  8  9 10 |
---------------+-------------------------------+-----
Axes           | 3 4 5 7 9 11 13 14 | 14.7
Fighting       | 4 5 6 7 9 10 11 | 11.1
Armour         | |  3.6
Shields        | |  3.6

Action                   |  1- 3 |  4- 6 |  7- 9 | 10-12 || total
-------------------------+-------+-------+-------+-------++-------
Melee: War axe           |    75 |   112 |   177 |    65 ||   429
       Headbutt          |    11 |    21 |    47 |    14 ||    93
Evoke: Wand              |       |       |       |     6 ||     6
  Use: Potion            |       |     4 |     1 |    15 ||    20
       Scroll            |       |       |     2 |     5 ||     7
 Stab: Invisible         |       |       |       |     8 ||     8
  Eat: Chunk             |       |     5 |     5 |     6 ||    16
       Royal jelly       |       |     1 |       |     1 ||     2
       Fruit             |       |       |     2 |     1 ||     3
Armor: Plate armour      |    52 |    84 |    75 |    30 ||   241
       Scale mail        |     2 |       |       |       ||     2
       Skin              |       |       |       |     2 ||     2
Dodge: Dodged            |    20 |    11 |    15 |    14 ||    60
Block: Shield            |    51 |    47 |    86 |    88 ||   272
